 Dungeon Crawl Stone Soup version 0.31-a0-267-g3fc6992b3b (webtiles) character file.

Game seed: 17141944256747505557

455 qw the Shooter (level 6, -6/52 HPs)
             Began as a Minotaur Hexslinger on July 14, 2023.
             Was an Initiate of Okawaru.
             Killed from afar by an acid dragon (19 damage)
             ... with a splash of acid
             ... on level 4 of the Dungeon.
             The game lasted 00:01:15 (3277 turns).

qw the Shooter (Minotaur Hexslinger)                Turns: 3277, Time: 00:01:16

Health: -6/52      AC:  6    Str: 12    XL:     6   Next: 76%
Magic:  6/6        EV: 17    Int: 10    God:    Okawaru [......]
Gold:   241        SH:  0    Dex: 15    Spells: 6/7 levels left

rFire   . . .        Y - +0 shortbow
rCold   . . .        (shield currently unavailable)
rNeg    . . .        k - +0 leather armour
rPois   .            (helmet restricted)
rElec   .            (no cloak)
rCorr   .            (no gloves)
SInv    .            i - +2 pair of boots
Will    .....        j - amulet of regeneration
Stlth   +            e - +5 ring of evasion
HPRegen 1.08/turn    (no ring)
MPRegen 0.10/turn

%: no passive effects
@: no status effects
A: horns 2, retaliatory headbutt
a: Renounce Religion


You were on level 4 of the Dungeon.
You worshipped Okawaru.
Okawaru was noncommittal.
You visited 2 branches of the dungeon, and saw 6 of its levels.

You collected 241 gold pieces.


Innate Abilities, Weirdness & Mutations

You have a pair of horns on your head.
You reflexively headbutt those who attack you in melee.


   Skills:
 - Level 4.0 Fighting
 + Level 7.1 Ranged Weapons
 - Level 1.0 Armour
 - Level 2.1 Dodging
 - Level 1.0 Spellcasting
 - Level 2.0 Hexes


You had 6 spell levels left.
You knew the following spells:

 Your Spells              Type           Power      Damage    Failure   Level
a - Slow                  Hex            16%        N/A       19%         1

Your spell library contained the following spells:

 Spells                   Type           Power      Damage    Failure   Level
 Inner Flame              Hex/Fire       2%         N/A       65%         3
 Portal Projectile        Hex/Tloc       4%         N/A       65%         3
 Cause Fear               Hex            2%         N/A       88%         4

Inventory:

Hand Weapons
 Y - a +0 shortbow (weapon)
Armour
 i - a +2 pair of boots (worn)
 k - a +0 leather armour (worn)
Jewellery
 e - a +5 ring of evasion (left hand)
 j - an amulet of regeneration (around neck)
 l - a ring of ice
Scrolls
 a - a scroll of identify
Potions
 c - a potion of resistance {unknown}
 d - 2 potions of enlightenment
 g - a potion of might
 h - a potion of ambrosia {unknown}
 m - a potion of magic

Dungeon Overview and Level Annotations

Branches:
Dungeon (5/15)             Temple (1/1) D:4

Altars:
Ashenzari
Cheibriados
Elyvilon
Gozag
Hepliaklqana
Kikubaaqudgha
Makhleb
Okawaru
Qazlal
Sif Muna
Trog
Uskayaw
Vehumet
Xom
Yredelemnul
Zin
The Shining One

Shops:
D:4 :

Annotations:
D:5 Eustachio, Grinder


Message History

Grinder shouts!
The acid dragon roars!
You hear a shout! x2
Found a ring mail.
Found a stone staircase leading down.
There is a stone staircase leading up here.
There are monsters nearby!
Waypoint 5 assigned to D:5.
You shoot an arrow. The arrow hits Grinder.
Grinder is lightly wounded.
Grinder closely misses you.
Eustachio the Magnificent comes into view.
He is wielding a +2 rapier of venom.
You shoot an arrow. The arrow barely misses Grinder.
The acid dragon spits acid at you. The splash of acid hits you!!
Ouch! That really hurt!
Grinder blinks!
You hear a shout! x3
3271 ||| STAIRDANCE The acid dragon closely misses you.
The acid dragon barely misses you.
Eustachio calls on the powers of shadow!
You climb upwards.
There is a stone staircase leading down here.
You shoot an arrow. The arrow hits the acid dragon.
The acid dragon is lightly wounded.
The acid dragon bites you. The acid dragon claws you.
You shoot an arrow. The arrow hits the acid dragon.
The acid dragon is moderately wounded.
The acid dragon closely misses you.
The acid dragon claws you but does no damage.
You shoot an arrow. The arrow hits the acid dragon.
The acid dragon is moderately wounded.
The acid dragon spits acid at you. The splash of acid hits you!
You shoot an arrow.
The arrow hits the acid dragon but does no damage.
The acid dragon is moderately wounded.
The acid dragon barely misses you.
The acid dragon claws you but does no damage.
You shoot an arrow.
The arrow closely misses the acid dragon.
The acid dragon spits acid at you. The splash of acid hits you!!
You die...

#......# #.....#..... #......#
#.....#..... ########......#
###...#.....
.............###########...#.....
.............#..........8>8#.....
.............#.............'.....
.............#.............#.....
.............######'########.....
..##'####.......@.....##...#.....
..#.....'......D......#.)..#.....
..#.....#.............'....#.....
..'.....#..........)..#....#.....
[.#.....#.............#....#.....
..#######.............#....#.....
..#.....#....####.....######.....
..#.....#....#..#.....#....#.....
<.#.....#....#..#.....#....'.....


You could see an acid dragon (catching breath).

Vanquished Creatures
  A centaur (D:4)
  2 scorpions (D:4)
  An orc priest (D:3)
  3 hounds
  An iguana (D:4)
  2 adders (D:4)
  A gnoll (D:3)
  2 worms
  A dart slug (D:1)
  8 orcs
  5 endoplasms
  5 giant cockroaches
  6 goblins
  9 hobgoblins
  2 jackals (D:4)
  4 kobolds
  2 quokkas (D:4)
  A ball python (D:1)
  8 bats
  6 frilled lizards
  4 rats
74 creatures vanquished.

Notes
Turn   | Place    | Note
-------+----------+-------------------------------------------
     0 | D:1      | qw the Minotaur Hexslinger began the quest for the Orb.
     0 | D:1      | Reached XP level 1. HP: 16/16 MP: 1/1
     0 | D:1      | 0 ||| qw: Version: 0.3-a-52-g30416fa
     0 | D:1      | 0 ||| qw: Game counter: 7865
     0 | D:1      | 0 ||| qw: Melee chars always use a shield: true
     0 | D:1      | 0 ||| qw: God list: Okawaru
     0 | D:1      | 0 ||| qw: Allow faded altars: false
     0 | D:1      | 0 ||| qw: Do Orc after clearing Dungeon:15 true
     0 | D:1      | 0 ||| qw: Do second Lair branch before Depths: true
     0 | D:1      | 0 ||| qw: Lair rune preference: random
     0 | D:1      | 0 ||| qw: Goals: Normal
     0 | D:1      | 0 ||| PLANNING D:1-11
   244 | D:1      | Reached skill level 3 in Ranged Weapons
   247 | D:1      | Reached XP level 2. HP: 22/23 MP: 2/2
   629 | D:1      | 629 ||| FLEEEEING.
   721 | D:1      | 721 ||| READING 2 scrolls labelled ZIEPROPUD.
   722 | D:1      | 722 ||| READING scroll labelled MOAMO TEDAOLUY.
   723 | D:1      | 723 ||| DRINKING 3 brown potions.
   724 | D:1      | 724 ||| DROPPING scroll of poison.
  1078 | D:2      | Reached XP level 3. HP: 29/29 MP: 3/3
  1435 | D:2      | 1435 ||| UPGRADING to +0 pair of boots.
  1440 | D:2      | 1440 ||| READING 2 scrolls of enchant armour.
  1440 | D:2      | 1440 ||| ENCHANTING +0 pair of boots.
  1441 | D:2      | 1441 ||| READING scroll of enchant armour.
  1441 | D:2      | 1441 ||| ENCHANTING +1 pair of boots.
  1442 | D:2      | 1442 ||| UPGRADING to amulet of regeneration.
  1447 | D:2      | 1447 ||| UPGRADING to +5 ring of evasion.
  1448 | D:2      | 1448 ||| READING scroll labelled RUEFRICEXOT.
  1453 | D:2      | 1453 ||| READING 2 scrolls of identify.
  1453 | D:2      | 1453 ||| IDENTIFYING blue potion
  1454 | D:2      | 1454 ||| DROPPING potion of berserk rage.
  1472 | D:3      | 1472 ||| STAIRDANCE
  1513 | D:3      | Reached skill level 4 in Ranged Weapons
  1786 | D:3      | Reached XP level 4. HP: 36/36 MP: 4/4
  1791 | D:3      | Reached skill level 5 in Ranged Weapons
  2091 | D:3      | Reached skill level 3 in Fighting
  2110 | D:3      | 2110 ||| UPGRADING to +0 leather armour.
  2120 | D:3      | 2120 ||| DROPPING +0 robe.
  2121 | D:3      | 2121 ||| DROPPING amulet of magic regeneration.
  2122 | D:3      | 2122 ||| READING 3 scrolls of identify.
  2122 | D:3      | 2122 ||| IDENTIFYING fizzy clear potion
  2123 | D:3      | 2123 ||| READING 2 scrolls of identify.
  2123 | D:3      | 2123 ||| IDENTIFYING metallic clear potion
  2124 | D:3      | 2124 ||| DROPPING potion of attraction.
  2161 | D:4      | Found a burning altar of Makhleb.
  2166 | D:4      | Reached XP level 5. HP: 45/45 MP: 5/5
  2205 | D:4      | Found a staircase to the Ecumenical Temple.
  2206 | D:4      | 2206 ||| PLANNING TEMPLE
  2206 | D:4      | 2206 ||| READING scroll labelled SITZIE KYBIX.
  2214 | Temple   | Entered the Ecumenical Temple
  2234 | Temple   | 2234 ||| PLANNING OKAWARU WORSHIP
  2431 | Temple   | Became a worshipper of Warmaster Okawaru
  2432 | Temple   | 2432 ||| PLANNING D:1-11
  2545 | D:4      | Reached skill level 6 in Ranged Weapons
  2547 | D:4      | HP: 11/45 [poisoned by a scorpion]
  2552 | D:4      | HP: 11/45 [poisoned by a scorpion]
  2600 | D:4      | Found Haling's Vocational Training.
  2628 | D:4      | 2628 ||| READING scroll labelled SIDDESUGET.
  2722 | D:4      | Noticed a centaur
  2729 | D:4      | HP: 8/45 [centaur/arrow (5)]
  2730 | D:4      | Reached skill level 1 in Armour
  2730 | D:4      | 2730 ||| READING scroll of teleportation.
  2736 | D:4      | HP: 11/45 [scorpion (4)]
  2739 | D:4      | Reached XP level 6. HP: 15/52 MP: 6/6
  2985 | D:4      | 2985 ||| SWAPPING to +0 shortbow.
  2986 | D:4      | 2986 ||| DROPPING +1 sling.
  3206 | D:4      | Reached skill level 7 in Ranged Weapons
  3208 | D:4      | 3208 ||| READING scroll labelled XUIQOO MI ZAO.
  3209 | D:4      | 3209 ||| DRINKING 2 purple potions.
  3210 | D:4      | 3210 ||| DRINKING 2 sedimented red potions.
  3211 | D:4      | 3211 ||| DROPPING potion of brilliance.
  3268 | D:5      | Entered Level 5 of the Dungeon
  3268 | D:5      | Noticed Grinder
  3268 | D:5      | Noticed an acid dragon
  3268 | D:5      | Noticed an ice beast
  3269 | D:5      | Noticed Eustachio
  3271 | D:5      | 3271 ||| STAIRDANCE
  3275 | D:4      | HP: 11/52 [acid dragon/splash of acid (10)]
  3277 | D:4      | Killed from afar by an acid dragon

Levels and vault maps discovered:
D:1:      dpeg_arrival_three_same_balls, layout_basic, hex_intersection,
          serial_bayou_pond_d
D:2:      layout_basic
D:3:      minmay_door_path, layout_loops_ring, serial_glass, glass_columns_a,
          glass_columns_a
D:4:      layout_gridville, makhleb_heckhound_becter, temple_statues,
          nicolae_shop_vocational
D:5:      layout_cave_pools, nicolae_dithmenos_shadow_blocks,
          ebering_ghost_disaster_area, nicolae_shop_dragon_depot,
          grunt_ministairs_3, uniq_eustachio, uniq_pikel, uniq_grinder
Temple:   eino_temple_scatter_basement

Skill      XL: |  1  2  3  4  5  6 |
---------------+-------------------+-----
Ranged Weapons | 3 4 5 6 7 |  7.1
Fighting       | 2 3 4 |  4.0
Armour         | 1 |  1.0
Dodging        | |  2.1
Spellcasting   | |  1.0
Hexes          | |  2.0

Action                     |  1- 3 |  4- 6 || total
---------------------------+-------+-------++-------
   Fire: Sling             |   126 |   108 ||   234
         Shortbow          |       |    13 ||    13
    Use: Scroll            |     6 |     6 ||    12
         Potion            |     1 |     2 ||     3
 Armour: Robe              |     6 |     4 ||    10
         Leather armour    |       |    11 ||    11
  Dodge: Dodged            |    25 |    55 ||    80

Table legend:
 A = Non-vault XP
 B = Vault XP
 C = Vault XP percentage of total XP
 D = Non-vault monster count
 E = Vault monster count
 F = Vault count percentage of total count
                 A         B        C        D         E       F
            +---------+---------+-------+---------+---------+-------
      Total |     547 |     103 |  15.8 |      68 |       6 |   8.1
            +---------+---------+-------+---------+---------+-------
        D:1 |      30 |       0 |   0.0 |      18 |       0 |   0.0
        D:2 |      28 |       0 |   0.0 |      15 |       0 |   0.0
        D:3 |      74 |      60 |  44.8 |      17 |       5 |  22.7
        D:4 |     415 |      43 |   9.4 |      18 |       1 |   5.3
            +---------+---------+-------+---------+---------+-------
